 Dungeon Crawl Stone Soup version 0.23-a0-359-g9beedce (webtiles) character file.

7 Cryolive the Digger (level 2, 0/15 HPs)
             Began as a Gargoyle Earth Elementalist on Oct 23, 2018.
             Slain by a hobgoblin (3 damage)
             ... on level 1 of the Dungeon.
             The game lasted 00:00:52 (216 turns).

Cryolive the Digger (Gargoyle Earth Elementalist)    Turns: 216, Time: 00:00:52

Health: 0/15       AC:  4    Str: 11    XL:     2   Next: 4%
Magic:  5/5        EV: 12    Int: 15    God:
Gold:   21         SH:  0    Dex: 10    Spells: 4/5 levels left

rFire    . . .     SeeInvis .   g - +0 mace
rCold    . . .     Gourm    .   (no shield)
rNeg     + . .     Faith    .   c - +0 robe
rPois    ∞         Spirit   .   (no helmet)
rElec    +         Reflect  .   (no cloak)
rCorr    .         Harm     .   (no gloves)
MR       .....                  (no boots)
Stlth    ++........             (no amulet)
HPRegen  0.05/turn              (no ring)
MPRegen  0.09/turn              (no ring)

@: no status effects
A: negative energy resistance 1, electricity resistance, unbreathing,
petrification resistance, rot immunity, AC +2
a: no special abilities


You were on level 1 of the Dungeon.
You were not hungry.

You visited 1 branch of the dungeon, and saw 1 of its levels.

You collected 21 gold pieces.

Inventory:

Hand Weapons
 g - a +0 mace (weapon)
Missiles
 b - 52 stones (quivered)
Armour
 c - a +0 robe (worn)
Potions
 e - a potion of flight {unknown}
 f - a potion of might {unknown}
Comestibles
 d - a ration


   Skills:
 - Level 1.5 Dodging
 - Level 2.1 Stealth
 + Level 2.3 Spellcasting
   Level 0.7 Transmutations
 + Level 4.0 Earth Magic


You had 4 spell levels left.
You knew the following spells:

 Your Spells              Type           Power        Failure   Level  Hunger
a - Sandblast             Erth           ##....       4%          1    #......

Your spell library contained the following spells:

 Spells                   Type           Power        Failure   Level  Hunger
 Passwall                 Tmut/Erth      #.......     12%         2    ###....
 Stone Arrow              Conj/Erth      #.....       28%         3    ###....
 Petrify                  Tmut/Erth      #.......     63%         4    #####..
 Lee's Rapid Deconstruct  Erth           ##........   75%         5    ######.


Dungeon Overview and Level Annotations

Branches:
Dungeon (1/15)

Altars:


Innate Abilities, Weirdness & Mutations

You are resistant to torment.
Your stone body is resilient. (AC +2)
You are immune to poison.
You resist negative energy. (rN+)
You are resistant to electric shocks. (rElec)
You can survive without breathing.
You are immune to petrification.
You are immune to rotting.


Message History

Tha goblin be moderately wounded.
Tha goblin hits ye but does nay damage.
Tha goblin barely misses ye.
Ye thump tha goblin!
Ye kill tha goblin!
Yer Earth Magic skill increases ta level 4!
Ye haf reached level 2!
Tha hobgoblin closely misses ye.
Thin's tha be 'ere: a +0 dagger; a goblin corpse Ye barely miss tha hobgoblin.
Tha hobgoblin hits ye wit' a +0 club. x2
* * * LOW HITPOINT WARNIN'
* * * Ye barely miss tha hobgoblin.
Tha hobgoblin closely misses ye.
Tha hobgoblin misses ye.
Ye hit tha hobgoblin but do nay damage.
Tha hobgoblin hits ye.
* * * LOW HITPOINT WARNIN'
* * * Tha hobgoblin closely misses ye.
Tha hobgoblin barely misses ye.
Ye hit tha hobgoblin.
Tha hobgoblin be moderately wounded.
Tha hobgoblin barely misses ye.
Tha hobgoblin hits ye.
Ye die...

...###........
....................
...................
...................
#.####........#... ##
..)..#............ ...
#.##.#........#..###..##
#.............#..#......
#.##.#..###...#.@.......
..##.#..# #...#gg##....#
..##.#..###...#..##.....
........................
.....#..##......)##....#
###..#..##..............
###....####.............
.......#####............
####.............#..#...


You could see 2 hobgoblins.

Vanquished Creatures
  A bat (D:1)
  A giant cockroach (D:1)
  A goblin (D:1)
  2 hobgoblins (D:1)
  A kobold (D:1)
6 creatures vanquished.

Notes
Turn   | Place    | Note
-------+----------+-------------------------------------------
     0 | D:1      | Cryolive the Gargoyle Earth Elementalist began the quest
                  | for the Orb.
     0 | D:1      | Reached XP level 1. HP: 10/10 MP: 3/3
   207 | D:1      | Reached skill level 4 in Earth Magic
   207 | D:1      | Reached XP level 2. HP: 9/15 MP: 5/5
   216 | D:1      | Slain by a hobgoblin

Vault maps used:
D:1:      scummos_arrival_simple_fountains

Skill      XL: |  1 |
---------------+----+-----
Earth Magic    | 4 |  4.0
Dodging        | |  1.5
Stealth        | |  2.1
Spellcasting   | |  2.3
Transmutations | |  0.7

Action                   || total
-------------------------++-------
Melee: Unarmed           ||    14
       Club              ||     6
       Mace              ||     9
Armor: Robe              ||     7
Dodge: Dodged            ||    21

Table legend:
 A = Non-vault XP
 B = Vault XP
 C = Vault XP percentage of total XP
 D = Non-vault monster count
 E = Vault monster count
 F = Vault count percentage of total count
                 A         B        C        D         E       F
            +---------+---------+-------+---------+---------+-------
      Total |      11 |       0 |   0.0 |       6 |       0 |   0.0
            +---------+---------+-------+---------+---------+-------
        D:1 |      11 |       0 |   0.0 |       6 |       0 |   0.0
            +---------+---------+-------+---------+---------+-------
